 Dungeon Crawl Stone Soup version 0.15.2 (webtiles) character file.

35 magipi the Chopper (level 3, -4/30 HPs)
             Began as a Hill Orc Gladiator on Aug 27, 2015.
             Was an Initiate of Nemelex Xobeh.
             Slain by an elephant (13 damage)
             ... summoned by the player character
             ... on Level 2 of the Dungeon.
             The game lasted 00:04:34 (711 turns).

magipi the Chopper (Hill Orc Gladiator)              Turns: 711, Time: 00:04:35

HP  -4/30        AC  4     Str 17      XL: 3   Next: 35%
MP   3/3         EV 12     Int  8      God: Nemelex Xobeh [......]
Gold 17          SH  0     Dex 12      Spells:  0 memorised,  2 levels left

rFire  . . .     SeeInvis .     b - plain deck of war {drawn: 4}
rCold  . . .     Clarity  .     g - +0 leather armour
rNeg   . . .     rCorr    .     (no shield)
rPois  .         rRot     .     c - +0 helmet
rElec  .         Spirit   .     (no cloak)
SustAb .         Warding  .     (no gloves)
rMut   .         Stasis   .     (no boots)
Gourm  .                        (no amulet)
MR     .....                    (no ring)
                                (no ring)

@: not resistant to hostile enchantments, very unstealthy
A: no striking features
a: Renounce Religion


You were on level 2 of the Dungeon.
You worshipped Nemelex Xobeh.
Nemelex Xobeh was noncommittal.
You were not hungry.

You visited 1 branch of the dungeon, and saw 2 of its levels.

You collected 17 gold pieces.

Inventory:

Hand weapons
 a - a +0 war axe
Missiles
 d - 3 throwing nets (quivered)
Armour
 c - a +0 helmet (worn)
 g - a +0 leather armour (worn)
Comestibles
 f - 3 meat rations
 o - a rotting chunk of bat flesh
 p - a rotting chunk of ball python flesh
Scrolls
 l - a scroll of remove curse {unknown}
 q - a scroll of fog {unknown}
Jewellery
 j - a +2 ring of strength {unknown}
Potions
 e - a potion of restore abilities {unknown}
 h - a potion of heal wounds {unknown}
 i - 3 potions of agility
 m - a potion of mutation {unknown}
 n - a potion of flight {unknown}
Miscellaneous
 b - a plain deck of war {drawn: 4} (in hand)
 k - a plain deck of changes {drawn: 1}


   Skills:
 + Level 2.7 Fighting
 + Level 4.7 Axes
 + Level 2.0 Throwing
 + Level 0.4 Armour
 + Level 2.8 Dodging
 + Level 0.1 Stealth
 + Level 0.2 Evocations


You had 2 spell levels left.
You didn't know any spells.

Dungeon Overview and Level Annotations

Branches:
Dungeon (2/15)

Altars:
Nemelex Xobeh

Vault maps used:
D:1:      matt_arrival_refuge, nemelex_deck
D:2:      uniq_iyjb


Message History

Things that are here:
a club; a goblin skeleton
There is an open door here.
Found a stone staircase leading down.
There is a stone staircase leading down here.
Done exploring.
Done exploring.
(D) Dungeon
Where to? (? - help)
What level of the Dungeon? (default 1, ? - help)
You see here 17 arrows.
You smell something rotten. (slot o)
There is a stone staircase leading down here.
You climb downwards.
A goblin and Ijyb come into view.
Ijyb shouts!
Found a scroll labeled CHE NIUWINK.
There is a stone staircase leading up here.
Ijyb drinks a potion.
Ijyb suddenly seems more agile.
You slash the goblin!
You kill the goblin!
b - a plain deck of war (in hand) Evoke which item? (* to show all) (? for menu, Esc to quit)
You draw a card...
It is Cloud.
Clouds appear around you!
Unknown command.
Evoke which item? (* to show all) (? for menu, Esc to quit)
You draw a card...
It is Metamorphosis.
You turn into a creature of crystalline ice.
Your plain deck of war {drawn: 2} falls away!
You are now empty-handed.
Your +0 helmet melds into your body.
Your +0 leather armour melds into your body.
Unknown command.
Ijyb hits you but does no damage.
You see here a dagger.
You hit Ijyb but do no damage. Ijyb hits you but does no damage.
You hit Ijyb. You freeze Ijyb.
Ijyb is moderately wounded.
Ijyb hits you.
You hit Ijyb. You freeze Ijyb.
Ijyb is heavily wounded.
Ijyb closely misses you.
You hit Ijyb. You freeze Ijyb.
Ijyb is heavily wounded.
Ijyb hits you but does no damage.
You barely miss Ijyb.
Ijyb is heavily wounded.
Ijyb closely misses you.
You punch Ijyb! You freeze Ijyb.
Ijyb is almost dead.
Ijyb barely misses you.
You miss Ijyb.
Ijyb is almost dead.
Ijyb hits you but does no damage.
You hit Ijyb. You freeze Ijyb.
Ijyb is almost dead.
Ijyb hits you but does no damage.
You hit Ijyb but do no damage.
Ijyb is almost dead.
Ijyb hits you.
You punch Ijyb! You freeze Ijyb.
You kill Ijyb!
You have reached level 3!
Your experience leads to an increase in your attributes!
Increase (S)trength, (I)ntelligence, or (D)exterity?
You feel agile.
i - 3 potions of agility (gained 1)
You see here a dagger.
There is a stone staircase leading up here.
You start resting.
Your transformation is almost over.
You start resting.
You warm up again.
Your +0 helmet unmelds from your body.
Your +0 leather armour unmelds from your body.
There is a stone staircase leading up here.
A worm comes into view.
Found 8 gold pieces.
You see here a scroll labeled CHE NIUWINK.
You smell something rotten. (slot p)
You see here a scroll labeled CHE NIUWINK.
q - a scroll labeled CHE NIUWINK Evoke which item? (* to show all) (? for menu, Esc to quit)
You draw a card...
It is the Hammer.
You have drawn the Hammer.
Press: ? - help, Shift-Dir - straight line, f - worm
Aim: a worm The stone arrow hits the worm.
The worm is heavily wounded.
Unknown command.
Evoke which item? (* to show all) (? for menu, Esc to quit)
You draw a card...
It is the Herd.
Unknown command.
Unknown command.
The elephant tramples you!
Ouch! That really hurt!
* * * LOW HITPOINT WARNING * * *
You stumble backwards!
The elephant tramples you!
You die...
Your body disappears without a glow.

..$ ... .#
..###.##
#.#...... #.
#.#....# #.#
#.#....# #...
#w#....#
#...##.#....#
#.....Y@....#
#......#....#
#....#.#.)....#
... #..<...#.#
.# ######## #


You could see an elephant and a worm.

Table legend:
 A = Kills in this place as a percentage of kills in entire the game.
 B = Kills by you in this place as a percentage of kills by you in the entire game.
 C = Kills by friends in this place as a percentage of kills by friends in the entire game.
 D = Other kills in this place as a percentage of other kills in the entire game.
 E = Experience gained in this place as a percentage of experience gained in the entire game.
 F = Experience gained in this place divided by the number of levels of this place that you have seen.
                   A       B       C       D       E      F
               +-------+-------+-------+-------+-------+----------------------
         Total | 100.0 | 100.0 |  -nan |  -nan | 100.0 |  25.5
       Dungeon | 100.0 | 100.0 |  -nan |  -nan | 100.0 |  25.5
               +-------+-------+-------+-------+-------+----------------------

Vanquished Creatures
  Ijyb (D:2)
  A giant gecko (D:1)
  2 ball pythons (D:1)
  6 goblins
  A hobgoblin (D:1)
  2 kobolds (D:1)
  A bat (D:1)
  2 giant newts (D:1)
  2 rats (D:1)
18 creatures vanquished.

Notes
Turn   | Place    | Note
--------------------------------------------------------------
     0 | D:1      | magipi, the Hill Orc Gladiator, began the quest for the Orb.
     0 | D:1      | Reached XP level 1. HP: 18/18 MP: 1/1
    59 | D:1      | Found a sparkling altar of Nemelex Xobeh.
    83 | D:1      | Became a worshipper of Nemelex Xobeh the Trickster
   156 | D:1      | Reached XP level 2. HP: 24/25 MP: 2/2
   197 | D:1      | Received a gift from Nemelex Xobeh
   663 | D:2      | Noticed Ijyb
   679 | D:2      | Killed Ijyb
   679 | D:2      | Reached XP level 3. HP: 27/30 MP: 3/3
   709 | D:2      | Noticed an elephant
   711 | D:2      | Slain by an elephant

Action                   || total
-------------------------++-------
Melee: War axe           ||    45
       Unarmed           ||    16
Evoke: Deck              ||     5

Action                   || total
-------------------------++-------
Melee: War axe           ||    45
       Unarmed           ||    16
Evoke: Deck              ||     5

Action                   || total
-------------------------++-------
Melee: War axe           ||    45
       Unarmed           ||    16
Evoke: Deck              ||     5
